 Dungeon Crawl Stone Soup version 0.27-a0-46-g34d46f0a3f (webtiles) character file.

Game seed: 1044674298582521360

210 Borgoz the Cutter (level 6, -2/42 HPs)
             Began as a Halfling Gladiator on Jan 6, 2021.
             Slain by an iguana (11 damage)
             ... on level 3 of the Dungeon.
             The game lasted 00:02:10 (1653 turns).

Borgoz the Cutter (Halfling Gladiator)              Turns: 1653, Time: 00:02:10

Health: -2/42      AC:  5    Str: 17    XL:     6   Next: 12%
Magic:  6/6        EV: 21    Int:  6    God:
Gold:   53         SH:  0    Dex: 22    Spells: 5/5 levels left

rFire    . . .     SeeInvis .   a - +0 rapier
rCold    . . .     Faith    .   (shield restricted)
rNeg     . . .     Spirit   .   o - +0 leather armour (curse)
rPois    .         Reflect  .   c - +0 helmet
rElec    .         Harm     .   (no cloak)
rCorr    .         Rampage  .   (no gloves)
Will     .....                  b - +0 pair of boots
Stlth    ++........             (no amulet)
HPRegen  0.14/turn              j - +4 ring of evasion
MPRegen  0.10/turn              f - +6 ring of dexterity

@: hasted, very quick
A: small, mutation resistance 1
a: no special abilities


You were on level 3 of the Dungeon.
You visited 1 branch of the dungeon, and saw 4 of its levels.

You collected 53 gold pieces.

Inventory:

Hand Weapons
 a - a +0 rapier (weapon)
Armour
 b - a +0 pair of boots (worn)
 c - a +0 helmet (worn)
 o - a cursed +0 leather armour (worn)
Jewellery
 f - a +6 ring of dexterity (right hand)
 j - a +4 ring of evasion (left hand)
Scrolls
 h - 2 scrolls of teleportation {unknown}
 i - a scroll of blinking {unknown}
 k - a scroll of magic mapping {unknown}
 l - a scroll of fear {unknown}
 m - a scroll of amnesia {unknown}
 p - a scroll of remove curse {unknown}
 q - a scroll of enchant weapon {unknown}
Potions
 e - a potion of flight {unknown}
 g - a potion of magic {unknown}


   Skills:
 * Level 3.4 Fighting
 + Level 4.5 Short Blades
 - Level 2.0 Throwing
 + Level 2.0 Armour
 + Level 4.1 Dodging
 + Level 2.3 Stealth


You had 5 spell levels left.
You didn't know any spells.
Your spell library was empty.

Dungeon Overview and Level Annotations

Branches:
Dungeon (4/15)
 Temple: D:4-7

Altars:
Cheibriados

Annotations:
D:3 Eustachio


Innate Abilities, Weirdness & Mutations

You are small and have problems with some larger weapons.
You are somewhat resistant to further mutation.


Message History

The bat barely misses you. The bat closely misses you. The iguana misses you.
You hit the iguana but do no damage.
The iguana is heavily wounded.
The bat hits you but does no damage. The bat barely misses you.
The dart slug misses you.
You hit the iguana.
The iguana is almost dead.
The river rat bites you!
* * * LOW HITPOINT WARNING * * *
The iguana misses you. The bat closely misses you.
You completely miss Eustachio.
Eustachio is moderately wounded.
The bat closely misses you. Eustachio closely misses you.
The dart slug launches a dart at you. The slug dart misses you.
The slug dart misses Eustachio.
The slug dart hits the river rat.
The river rat misses you.
You barely miss Eustachio.
Eustachio is moderately wounded.
The iguana bites you!
You die...

# #. .# . #. .
##.# ...
###...######....
#.....(lr.......
#.....r@@w.###.
....#######b#
#.. .. # .# #


You could see Eustachio, an iguana, 2 river rats, a dart slug and a bat
(summoned).

Vanquished Creatures
  A bullfrog (D:4)
  A hound (D:4)
  Jessica (D:2)
  2 hound skeletons (D:4)
  An adder (D:2)
  An ooze (D:1)
  4 worms
  An orc (D:4)
  6 bats
  A giant cockroach (D:2)
  3 goblins
  3 hobgoblins
  3 jackals (D:2)
  9 kobolds
  A quokka (D:2)
  3 frilled lizards
  4 rats
45 creatures vanquished.

Notes
Turn   | Place    | Note
-------+----------+-------------------------------------------
     0 | D:1      | Borgoz the Halfling Gladiator began the quest for the Orb.
     0 | D:1      | Reached XP level 1. HP: 14/14 MP: 1/1
    42 | D:1      | Found a snail-covered altar of Cheibriados.
    62 | D:1      | Reached XP level 2. HP: 18/19 MP: 2/2
   358 | D:1      | Reached XP level 3. HP: 24/24 MP: 3/3
   702 | D:2      | Reached skill level 1 in Stealth
   780 | D:2      | Noticed Jessica
   789 | D:2      | Killed Jessica
   790 | D:2      | Reached skill level 1 in Armour
   790 | D:2      | Reached XP level 4. HP: 13/30 MP: 4/4
  1455 | D:2      | You fall into a shaft and drop 2 floors!
  1456 | D:4      | Noticed a bullfrog
  1459 | D:4      | Killed a bullfrog
  1460 | D:4      | Reached XP level 5. HP: 36/36 MP: 5/5
  1490 | D:4      | Noticed Eustachio
  1507 | D:4      | Reached XP level 6. HP: 31/42 MP: 6/6
  1653 | D:3      | Slain by an iguana

Illustrated notes

Levels and vault maps discovered:
D:1:      dpeg_arrival_leaves_temple_mockup, layout_loops_cross,
          cheibriados_altar_1
D:2:      layout_basic, uniq_jessica
D:3:      layout_loops_ring, chequers_ecumenical_altar_simple_redux,
          uniq_sigmund
D:4:      layout_rooms, okawaru_ov_weapons_minmay, minitemple, uniq_eustachio

Skill      XL: |  1  2  3  4  5  6 |
---------------+-------------------+-----
Fighting       | 2 3 |  3.4
Stealth        | 1 2 |  2.3
Short Blades   | 4 |  4.5
Armour         | 1 2 |  2.0
Dodging        | 4 |  4.1
Throwing       | |  2.0

Action                   |  1- 3 |  4- 6 || total
-------------------------+-------+-------++-------
Melee: Rapier            |    54 |   118 ||   172
Throw: Throwing net      |     2 |     4 ||     6
  Use: Scroll            |     1 |       ||     1
       Potion            |       |     1 ||     1
 Stab: Sleeping          |     3 |     1 ||     4
       Distracted        |       |     1 ||     1
       Held in net/web   |       |     1 ||     1
Armor: Leather armour    |    14 |    35 ||    49
Dodge: Dodged            |    38 |   183 ||   221

Table legend: (Time is in decaauts)
 A = Elapsed time spent in this place.
 B = Non-inter-level travel time spent in this place.
 C = Inter-level travel time spent in this place.
 D = Time resting spent in this place.
 E = Time spent auto-exploring this place.
 F = Levels seen in this place.
 G = Mean time per level.
                   A        B        C        D        E       F      G
               +--------+--------+--------+--------+--------+-----+--------+
         Total |   1648 |   1614 |     34 |    409 |    822 |   4 |  412.0 |
       Dungeon |   1648 |   1614 |     34 |    409 |    822 |   4 |  412.0 |
               +--------+--------+--------+--------+--------+-----+--------+

Top non-repeatable levels by time:
     D:2: 766 daAuts
     D:1: 687 daAuts
     D:3: 116 daAuts
     D:4: 77 daAuts
